 Dungeon Crawl Stone Soup version 0.23.0 (webtiles) character file.

Game seed: 13216247745234362414

8593 Borgoz the Grappler (level 11, -5/89 HPs)
             Began as a Ghoul Monk on Feb 17, 2019.
             Was a High Priest of Dithmenos.
             Killed from afar by Maurice (26 damage)
             ... with a wand of acid (5)
             ... on level 10 of the Dungeon.
             The game lasted 00:22:23 (8558 turns).

Borgoz the Grappler (Ghoul Monk)                    Turns: 8558, Time: 00:22:24

Health: -5/89      AC:  3    Str: 21    XL:     11   Next: 33%
Magic:  0/10       EV: 16    Int:  7    God:    Dithmenos [*****.]
Gold:   453        SH:  0    Dex: 12    Spells: 10/10 levels left

rFire    . . .     SeeInvis .     - Unarmed
rCold    + . .     Gourm    .   (no shield)
rNeg     + + +     Faith    .   H - +0 troll leather armour
rPois    ∞         Spirit   +   (no helmet)
rElec    .         Reflect  .   w - scarf {Spirit}
rCorr    .         Harm     .   (no gloves)
MR       +....                  c - +0 pair of boots
Stlth    +++++.....             (no amulet)
HPRegen  0.00/turn              y - +2 ring of protection
MPRegen  0.12/turn              F - ring of protection from magic

@: mighty, corroded, rotting, wreathed by umbra
A: rotting body, claws 1, carnivore, cold resistance 1, negative energy
resistance 3, inhibited regeneration, torment resistance, unbreathing
a: Shadow Step, Shadow Form, Renounce Religion


You were on level 10 of the Dungeon.
You worshipped Dithmenos.
Dithmenos was extremely pleased with you.
You were not hungry.

You visited 2 branches of the dungeon, and saw 11 of its levels.

You collected 597 gold pieces.
You spent 144 gold pieces at shops.

Inventory:

Hand Weapons
 b - a +0 blowgun
Missiles
 j - 12 poisoned needles
 I - 6 curare-tipped needles
Armour
 c - a +0 pair of boots (worn)
 q - a +0 scale mail
 w - a scarf of spirit shield (worn)
 H - a +0 troll leather armour (worn)
Jewellery
 d - a +2 ring of slaying
 i - an uncursed ring of magical power
 y - a +2 ring of protection (left claw)
 F - a ring of protection from magic (right claw)
Wands
 n - a wand of scattershot (4)
 o - a wand of disintegration (15)
 t - a wand of flame (17)
 x - a wand of paralysis (25)
 E - a wand of acid (11)
 G - a wand of polymorph (8)
Scrolls
 g - 2 scrolls of teleportation
 s - 2 scrolls of enchant armour
 u - a scroll of enchant weapon
 z - a scroll of blinking
 A - a scroll of magic mapping {unknown}
 C - 3 scrolls of remove curse
 J - a scroll of fog {unknown}
Potions
 a - a potion of experience {unknown}
 e - 2 potions of might
 f - 4 potions of brilliance
 k - 2 potions of agility
 m - 4 potions of curing
 p - 2 potions of resistance
 v - 2 potions of haste {unknown}
 B - a potion of mutation {unknown}
 D - a potion of flight
Comestibles
 r - 16 rations


   Skills:
 + Level 5.9 Fighting
 + Level 3.7 Armour
 * Level 8.8 Dodging
 + Level 8.2 Stealth
 + Level 12.8 Unarmed Combat
 + Level 0.1 Evocations


You had 10 spell levels left.
You didn't know any spells.
Your spell library contained the following spells:

 Spells                   Type           Power        Failure   Level  Hunger
 Pain                     Necr           #...         47%         1    ##.....
 Sting                    Conj/Pois      #...         47%         1    ##.....
 Static Discharge         Conj/Air       #.......     85%         3    ####...
 Olgreb's Toxic Radiance  Pois           #.......     99%         4    #####..
 Lightning Bolt           Conj/Air       #.........   100%        5    ######.
 Silence                  Hex/Air        #.........   100%        5    ######.


Dungeon Overview and Level Annotations

Branches:
Dungeon (10/15)            Temple (1/1) D:5            Lair (0/6) D:8
    Orc (0/2) D:9

Altars:
Ashenzari
Cheibriados
Dithmenos
Elyvilon
Fedhas
Gozag
Hepliaklqana
Kikubaaqudgha
Makhleb
Nemelex Xobeh
Okawaru
Qazlal
Ru
Sif Muna
Trog
Uskayaw
Vehumet
Wu Jian
Xom
Yredelemnul
Zin
The Shining One

Shops:
D:5 [!

Annotations:
D:10 Maurice


Innate Abilities, Weirdness & Mutations

Your body is rotting away.
You thrive on raw meat.
You are immune to poison.
You have sharp fingernails.
You are carnivorous and can eat meat at any time.
Your flesh is cold resistant. (rC+)
You are immune to negative energy. (rN+++)
You do not regenerate when monsters are visible.
You are immune to unholy pain and torment.
You can survive without breathing.


Message History

The electric eel shoots out a bolt of lightning at you!
The bolt of electricity misses you. The bolt of electricity hits you!
* * * LOW HITPOINT WARNING * * *
An electric eel comes into view.
The big kobold hits you.
* * * LOW HITPOINT WARNING * * *
You feel much better.
The electric eel shoots out a bolt of lightning at you!
The bolt of electricity hits the electric eel.
The electric eel completely resists.
The bolt of electricity hits the kobold!
The kobold dies!
The bolt of electricity hits you. The bolt of electricity hits you!
* * * LOW HITPOINT WARNING * * *
The electric eel shoots out a bolt of lightning at you!
The bolt of electricity hits you.
* * * LOW HITPOINT WARNING * * *
The bolt of electricity misses you. The big kobold barely misses you.
Maurice zaps a wand.
The bolt of acid hits you!!
You die...

#..#P≈P≈≈≈
≈ #
##.≈≈≈≈≈≈≈
#.♣≈≈≈≈≈≈
#.♣≈@P≈≈≈
#.P♣≈;≈≈≈
#.♣†;≈≈≈≈
#K≈♣P≈≈≈≈
#.♣♣≈≈≈≈≈
#@♣ K≈≈≈
#.♣ ≈≈≈
#..♣ ≈≈≈
##.≈≈
#≈≈≈K
≈♣≈P≈≈
#≈P≈♣≈
#♣≈≈≈ ≈≈


You could see Maurice and a big kobold.

Vanquished Creatures
  An ogre mage (D:10)
  Erica (D:10)
  A two-headed ogre (D:9)
  A centaur warrior (D:10)
  Sonja (D:10)
  2 trolls (D:9)
  A hornet (D:8)
  A wind drake (shapeshifter) (D:10)
  A spriggan (D:9)
  Grum (D:9)
  2 orc warriors
  A porcupine (D:8)
  2 sky beasts (D:5)
  An ice beast (D:8)
  A phantom (D:4)
  A black bear (D:7)
  4 centaurs
  2 wolves (D:9)
  A crocodile (D:10)
  3 big kobolds
  4 bullfrogs
  A water moccasin zombie (D:9)
  3 scorpions
  6 killer bees (D:10)
  10 wights
  5 howler monkeys
  2 crimson imps
  A centaur zombie (D:9)
  2 bullfrog zombies
  A quasit (D:10)
  2 jellies
  3 hounds
  5 orc priests
  A bullfrog skeleton (D:10)
  10 orc wizards
  A centaur skeleton (D:6)
  3 iguanas
  8 worker ants
  A hound zombie (D:7)
  A hound skeleton (D:10)
  2 worker ant zombies
  3 gnolls (D:2)
  12 adders
  3 river rats (D:8)
  An ooze (D:3)
  2 adder zombies
  4 worms
  A dart slug (D:3)
  3 leopard geckos
  59 orcs
  9 bats
  12 giant cockroaches
  9 goblins
  6 hobgoblins
  8 jackals
  18 kobolds
  6 quokkas
  2 ball pythons
  7 frilled lizards
  A leopard gecko skeleton (D:5)
  A quokka zombie (D:5)
  17 rats
285 creatures vanquished.

Vanquished Creatures (others)
  An adder (D:10)
  A kobold (D:10)
  A bush (D:6)
3 creatures vanquished.

Grand Total: 288 creatures vanquished

Notes
Turn   | Place    | Note
-------+----------+-------------------------------------------
     0 | D:1      | Borgoz the Ghoul Monk began the quest for the Orb.
     0 | D:1      | Reached XP level 1. HP: 19/19 MP: 0/0
   193 | D:1      | Reached XP level 2. HP: 23/25 MP: 1/1
   535 | D:1      | Reached XP level 3. HP: 28/31 MP: 2/2
  1252 | D:2      | Reached XP level 4. HP: 39/40 MP: 3/3
  1305 | D:2      | Reached skill level 4 in Unarmed Combat
  2027 | D:3      | Reached skill level 1 in Armour
  2027 | D:3      | Reached XP level 5. HP: 44/44 MP: 4/4
  2255 | D:3      | Reached skill level 5 in Unarmed Combat
  2327 | D:3      | Reached XP level 6. HP: 52/52 MP: 5/5
  2702 | D:3      | Found an ancient bone altar of Kikubaaqudgha.
  2702 | D:3      | Found a deep blue altar of Sif Muna.
  2704 | D:3      | Found a radiant altar of Vehumet.
  2706 | D:3      | Identified Kikubaaqudgha's Catalogue of Darkness
  3017 | D:4      | Reached skill level 6 in Unarmed Combat
  3020 | D:4      | Reached XP level 7. HP: 47/59 MP: 6/6
  3451 | D:4      | Found a sparkling altar of Nemelex Xobeh.
  3523 | D:5      | Entered Level 5 of the Dungeon
  3656 | D:5      | Found a staircase to the Ecumenical Temple.
  3674 | D:5      | Reached skill level 7 in Unarmed Combat
  3679 | Temple   | Entered the Ecumenical Temple
  3922 | Temple   | Became a worshipper of Dithmenos the Shadowed
  3922 | Temple   | Reached * piety under Dithmenos
  3922 | Temple   | Reached ** piety under Dithmenos
  4069 | D:5      | Reached skill level 5 in Dodging
  4069 | D:5      | Reached XP level 8. HP: 44/66 MP: 7/7
  4201 | D:5      | Found Pighups's Distillery.
  4209 | D:5      | Bought a potion of ambrosia for 96 gold pieces
  4209 | D:5      | Bought a potion of agility for 48 gold pieces
  4399 | D:5      | Found Buriem's Armour Emporium.
  4571 | D:6      | Found a burning altar of Makhleb.
  4609 | D:6      | Identified Kuawkeibi's Handbook of Air and Poison
  4724 | D:6      | Reached skill level 8 in Unarmed Combat
  4754 | D:6      | Found a white marble altar of Elyvilon.
  4758 | D:6      | Found a hazy altar of Hepliaklqana.
  4759 | D:6      | Found a sacrificial altar of Ru.
  4759 | D:6      | Found an iron altar of Okawaru.
  5381 | D:6      | Reached skill level 9 in Unarmed Combat
  5414 | D:6      | Reached XP level 9. HP: 54/72 MP: 8/8
  5692 | D:7      | Reached *** piety under Dithmenos
  5965 | D:7      | Reached skill level 5 in Stealth
  6143 | D:8      | Reached skill level 10 in Unarmed Combat
  6157 | D:8      | Noticed a hornet
  6169 | D:8      | Killed a hornet
  6426 | D:8      | Noticed a death yak
  6436 | D:8      | Reached skill level 5 in Fighting
  6456 | D:8      | Found a staircase to the Lair.
  6458 | D:8      | Noticed a death yak
  6460 | D:8      | Noticed a death yak
  6694 | D:9      | Noticed a troll
  6798 | D:9      | Noticed Grum
  6815 | D:9      | Killed Grum
  6995 | D:9      | Reached XP level 10. HP: 78/78 MP: 9/9
  7170 | D:9      | Reached skill level 11 in Unarmed Combat
  7196 | D:9      | Noticed a two-headed ogre
  7240 | D:9      | Killed a two-headed ogre
  7244 | D:9      | Found a staircase to the Orcish Mines.
  7318 | D:9      | Reached **** piety under Dithmenos
  7653 | D:10     | Entered Level 10 of the Dungeon
  7718 | D:10     | Noticed Sonja
  7798 | D:10     | Reached skill level 12 in Unarmed Combat
  7841 | D:10     | Killed Sonja
  7891 | D:10     | Reached ***** piety under Dithmenos
  7930 | D:10     | Noticed a centaur warrior
  7966 | D:10     | Killed a centaur warrior
  7966 | D:10     | Reached XP level 11. HP: 58/89 MP: 10/10
  8181 | D:10     | Noticed an ogre mage
  8189 | D:10     | Killed an ogre mage
  8296 | D:10     | Noticed Erica
  8311 | D:10     | Killed Erica
  8523 | D:10     | Noticed Maurice
  8558 | D:10     | Killed from afar by Maurice

Skill      XL: |  1  2  3  4  5  6  7  8  9 10 11 |
---------------+----------------------------------+-----
Dodging        | 3 4 5 6 8 |  8.8
Unarmed Combat | 4 5 6 7 9 10 12 | 12.8
Armour         | 1 2 3 |  3.7
Stealth        | 3 4 6 7 8 |  8.2
Fighting       | 4 5 |  5.9
Evocations     | |  0.1

Action                   |  1- 3 |  4- 6 |  7- 9 | 10-12 || total
-------------------------+-------+-------+-------+-------++-------
Melee: Unarmed           |    91 |   231 |   384 |   294 ||  1000
       Punch             |       |     2 |    11 |    14 ||    27
Evoke: Wand              |       |       |       |     1 ||     1
  Use: Scroll            |       |     6 |    10 |     1 ||    17
       Potion            |       |       |       |     5 ||     5
 Stab: Sleeping          |     9 |     1 |    15 |    11 ||    36
       Distracted        |       |       |     3 |     2 ||     5
       Paralysed         |       |       |       |     1 ||     1
  Eat: Chunk             |     5 |    28 |    28 |    32 ||    93
Armor: Robe              |    13 |       |       |       ||    13
       Leather armour    |    10 |    37 |    44 |     4 ||    95
       Troll leather arm |       |       |       |    65 ||    65
Dodge: Dodged            |    48 |   125 |   233 |   252 ||   658
